 Dungeon Crawl Stone Soup version 0.29.1-15-g9cfb28693d (webtiles) character file.

Game seed: 2307674765608886731

16 QwertyIsDirtey the Trooper (level 2, -1/27 HPs)
             Began as a Minotaur Berserker on Mar 24, 2023.
             Was a Follower of Trog.
             Slain by Jessica
             ... wielding a +0 club
              (6 damage)
             ... on level 2 of the Dungeon.
             The game lasted 00:02:43 (873 turns).

QwertyIsDirtey the Trooper (Minotaur Berserker)      Turns: 873, Time: 00:02:43

Health: -1/27      AC:  2    Str: 21    XL:     2   Next: 37%
Magic:  1/1        EV: 12    Int:  4    God:    Trog [*.....]
Gold:   79         SH:  0    Dex:  9    Spells: 1/1 levels left

rFire   . . .      SeeInvis .   a - +0 spear
rCold   . . .      Faith    .   (no shield)
rNeg    . . .      Spirit   .   b - +0 animal skin
rPois   .          Reflect  .   (helmet restricted)
rElec   .          Harm     .   (no cloak)
rCorr   .          Rampage  .   (no gloves)
Will    .....                   (no boots)
Stlth   +.........              (no amulet)
HPRegen 0.09/turn               (no ring)
MPRegen 0.07/turn               (no ring)

@: slowed, very slow
A: horns 2, retaliatory headbutt
a: Renounce Religion, Berserk


You were on level 2 of the Dungeon.
You worshipped Trog.
Trog was aware of your devotion.
You visited 1 branch of the dungeon, and saw 2 of its levels.

You collected 79 gold pieces.

Inventory:

Hand Weapons
 a - a +0 spear (weapon)
Missiles
 e - 4 poisoned darts (quivered)
Armour
 b - a +0 animal skin (worn)
Scrolls
 c - a scroll of noise {unknown}
 d - a scroll of fog {unknown}
 f - a scroll of enchant weapon {unknown}
 g - a scroll of identify {unknown}


   Skills:
 + Level 4.1 Fighting
 + Level 4.0 Polearms
 + Level 2.5 Armour
 + Level 2.4 Dodging


You had one spell level left.
You didn't know any spells.
Your spell library was empty.

Dungeon Overview and Level Annotations

Branches:
Dungeon (2/15)

Altars:

Shops:
D:2 ?

Annotations:
D:2 Jessica


Innate Abilities, Weirdness & Mutations

You have a pair of horns on your head.
You reflexively headbutt those who attack you in melee.


Message History

You see here a rat corpse.
You now have 73 gold pieces (gained 10).
You now have 79 gold pieces (gained 6).
Jessica the Apprentice Sorceress comes into view.
She is wielding a +0 club.
Jessica shouts!
Jessica gestures wildly while chanting.
Jessica blinks!
Found a falchion.
Jessica casts a spell at you.
You feel yourself slow down.
A ball python comes into view.
Found an orange potion.
A goblin comes into view. It is wielding a +0 club.
You see here 16 gold pieces.
The goblin shouts!
Jessica hits you with a +0 club.
The ball python hisses angrily.
A rat comes into view.
Jessica points at you and mumbles some strange words.
Pain shoots through your body!
Jessica points at you and mumbles some strange words.
You feel as though you will be slow longer.
Jessica hits you but does no damage.
Found 6 gold pieces.
The goblin hits you with a +0 club.
The ball python closely misses you. x2; The goblin barely misses you.
Jessica hits you with a +0 club.
You closely miss the goblin.
The ball python bites you but does no damage.
The ball python grabs you. The ball python constricts you.
Jessica hits you with a +0 club!
* * * LOW HITPOINT WARNING * * *
The goblin hits you with a +0 club.
* * * LOW HITPOINT WARNING * * *
The ball python closely misses you. You furiously retaliate!
You headbutt the ball python!
You kill the ball python!
Trog accepts your kill.
You hit Jessica but do no damage. You punch Jessica, but do no damage.
Jessica hits you with a +0 club.
You die...

#.$........#
..........##
##.!.........
#...)......#
###..........#
#......r.....####
#......g........#
#......@.....#
##...(..@...∩##
..........$.#####..
.#...............#
............####.#
#..>.......####..#
#####.†........#
#..........#
#.<.†......#


You could see Jessica, a goblin and a rat.

Vanquished Creatures
  A dart slug (D:1)
  3 ball pythons
  An endoplasm (D:1)
  A giant cockroach (D:2)
  3 hobgoblins (D:1)
  A quokka (D:1)
  A bat (D:1)
  A rat (D:2)
12 creatures vanquished.

Vanquished Creatures (others)
  A plant (D:1)
1 creature vanquished.

Grand Total: 13 creatures vanquished

Notes
Turn   | Place    | Note
-------+----------+-------------------------------------------
     0 | D:1      | QwertyIsDirtey the Minotaur Berserker began the quest for
                  | the Orb.
     0 | D:1      | Reached XP level 1. HP: 19/19 MP: 0/0
   450 | D:1      | Reached XP level 2. HP: 10/27 MP: 1/1
   833 | D:2      | Found Xurev's Magic Scroll Shoppe.
   864 | D:2      | Noticed Jessica
   873 | D:2      | Slain by Jessica

Illustrated notes

Levels and vault maps discovered:
D:1:      wander_arrival_desolate, layout_loops_corners, serial_forest,
          infiniplex_forest_lined_corner, infiniplex_forest_clump_small,
          infiniplex_forest_corner_2, infiniplex_forest_lined_corner,
          infiniplex_forest_lined_ring, infiniplex_forest_lined_4_way,
          infiniplex_forest_3_way, infiniplex_forest_lined_4_way,
          infiniplex_forest_clump_long
D:2:      layout_rooms, serial_shops, shop, grunt_ministairs_14,
          kennysheep_generic_room_10, uniq_robin, uniq_jessica

Skill      XL: |  1  2 |
---------------+-------+-----
Polearms       | 4 |  4.0
Fighting       | 4 |  4.1
Armour         | |  2.5
Dodging        | |  2.4

Action                   || total
-------------------------++-------
Melee: Spear             ||    63
       Headbutt          ||    20
       Punch             ||     1
Armor: Animal skin       ||     3
Dodge: Dodged            ||    43
